 Dungeon Crawl Stone Soup version 0.16.1-7-g2c6721e (webtiles) character file.

1486 jacksonaction the Martial Artist (level 8, -2/45 HPs)
             Began as a Vine Stalker Monk on Mar 30, 2015.
             Slain by a gnoll
             ... wielding a +0 spear
              (4 damage)
             ... on level 6 of the Dungeon.
             The game lasted 00:41:03 (5203 turns).

jacksonaction the Martial Artist (VSMo)             Turns: 5203, Time: 00:41:03

Health: -2/45      AC:  5    Str: 14    XL:     8   Next: 80%
Magic:  0/20       EV: 14    Int: 10    God:
Gold:   183        SH:  0    Dex: 14    Spells: 0 memorised, 7 levels left

rFire  + . .     SeeInvis .       - Unarmed
rCold  + . .     Clarity  .     a - +0 robe
rNeg   . . .     SustAb   .     (no shield)
rPois  +         Gourm    .     (no helmet)
rElec  +         Spirit   +     (no cloak)
rCorr  +         Warding  .     q - +0 pair of gloves
rMut   +         Stasis   .     c - +1 pair of boots
MR     +....                    v - amulet of resist mutation
Stlth  ++........               k - ring of magical power
                                C - -5 ring of dexterity (curse)

@: about to teleport, resistant, very slightly contaminated, hasted, invisible,
very quick, somewhat resistant to hostile enchantments, unstealthy
A: fangs 3, regeneration 2, magic shield, antimagic bite, no device heal 3, rot
immunity
a: no special abilities


You were on level 6 of the Dungeon.
You were not hungry.

You visited 2 branches of the dungeon, and saw 7 of its levels.

You collected 221 gold pieces.
You spent 38 gold pieces at shops.

Inventory:

Missiles
 d - 32 poisoned needles (quivered)
Armour
 a - a +0 robe (worn)
 c - a +1 pair of boots (worn)
 p - a +0 cloak
 q - a +0 pair of gloves (worn)
Jewellery
 h - an uncursed ring of stealth
 k - a ring of magical power (right hand)
 v - an amulet of resist mutation (around neck)
 C - a cursed -5 ring of dexterity (left hand)
Magical devices
 y - a wand of teleportation (0)
Scrolls
 f - a scroll of identify
 g - a scroll of noise {unknown}
 i - a scroll of teleportation {unknown}
 l - a scroll of blinking {unknown}
 m - 2 scrolls of recharging
 r - a scroll of amnesia {unknown}
 w - a scroll of enchant armour {unknown}
Potions
 e - a potion of haste
 z - a potion of resistance
Books
 t - a book of Flames

   Spells                             Type                      Level
   a - Flame Tongue                   Conjuration/Fire             1
   b - Throw Flame                    Conjuration/Fire             2
   c - Conjure Flame                  Conjuration/Fire             3
   d - Inner Flame                    Hexes/Fire                   3
   e - Sticky Flame                   Conjuration/Fire             4
   f - Fireball                       Conjuration/Fire             5
Comestibles
 b - 5 bread rations
 j - 4 meat rations
 u - 2 beef jerkies


   Skills:
 + Level 6.6 Fighting
 - Level 4.0 Dodging
 - Level 2.4 Stealth
 + Level 8.4 Unarmed Combat


You had 7 spell levels left.
You didn't know any spells.

Dungeon Overview and Level Annotations

Branches:
Dungeon (6/15)             Temple (1/1) D:4

Altars:
Ashenzari
Cheibriados
Fedhas
Gozag
Nemelex Xobeh
Qazlal
Xom
Zin
The Shining One

Shops:
D:3 *   D:4 [%*   D:6 [


Innate Abilities, Weirdness & Mutations

You have razor-sharp teeth.
You heal very quickly.
When hurt, damage is shared between your health and your magic reserves.
Your bite disrupts and absorbs the magic of your enemies.
Potions and wands cannot restore your health.
You are immune to rotting.


Message History

* * * LOW HITPOINT WARNING * * *
Drink which item? (? for menu, Esc to quit)
It was a potion of curing.
You feel better. The gnoll misses you.
Drink which item? (? for menu, Esc to quit)
It was a potion of invisibility.
You fade into invisibility!
The gnoll closely misses you.
Drink which item? (? for menu, Esc to quit)
It was a potion of poison.
You feel slightly nauseous.
You don't know any spells.
Unknown command.
Zapping:
y - a wand of teleportation {zapped: 2} (will waste charges)
Press: ? - help, Shift-Dir - straight line, f - you You feel strangely unstable.
Evoking this partially-identified wand wasted a few charges.
The gnoll hits you from afar with a spear.
* * * LOW HITPOINT WARNING * * *
The gnoll closely misses you.
The gnoll hits you from afar with a spear.
You die...

.............
........s...#
........)...#
.....>.......#
...........o.#
...........sg#
...........go##
...........#gg####
......g.gY####g)@#
.....so.### #####
.....o### .....##
...o## ....# ...##
..## ..#


You could see 4 gnolls.

Vanquished Creatures
  A water moccasin (D:5)
  A phantom (D:4)
  An ice beast (D:6)
  3 ogres
  2 centaurs (D:5)
  A big kobold (D:4)
  2 giant frogs
  3 crimson imps (D:5)
  A hound (D:6)
  A jelly (D:5)
  Crazy Yiuf (D:3)
  3 orc priests (D:3)
  2 worker ants (D:5)
  Natasha (twice) (D:3)
  A gnoll shaman (D:6)
  Ijyb (D:4)
  Robin (D:2)
  A giant mite (D:5)
  5 adders
  2 worms (D:2)
  4 giant geckos
  2 oozes
  9 orcs
  16 bats
  A bat skeleton (D:5)
  A giant cockroach (D:1)
  24 goblins
  12 hobgoblins
  9 jackals
  15 kobolds
  5 giant newts
  A giant spore (D:5)
  4 quokkas
  2 quokka skeletons
  9 rats
  4 ballistomycetes (D:5)
153 creatures vanquished.

Vanquished Creatures (others)
  A bat (D:5)
1 creature vanquished.

Grand Total: 154 creatures vanquished

Notes
Turn   | Place    | Note
--------------------------------------------------------------
     0 | D:1      | jacksonaction, the Vine Stalker Monk, began the quest for the Orb.
     0 | D:1      | Reached XP level 1. HP: 11/11 MP: 1/1
   104 | D:1      | Reached XP level 2. HP: 13/16 MP: 3/3
   327 | D:1      | Reached XP level 3. HP: 19/19 MP: 4/4
   919 | D:2      | Noticed Robin
  1129 | D:1      | Reached XP level 4. HP: 19/24 MP: 3/5
  1158 | D:2      | Killed Robin
  1810 | D:2      | Noticed a giant frog
  1837 | D:2      | Killed a giant frog
  1837 | D:2      | Reached skill level 5 in Unarmed Combat
  1837 | D:2      | Reached XP level 5. HP: 21/28 MP: 7/7
  2159 | D:3      | Gained mutation: You heal very quickly. [vine stalker growth]
  2159 | D:3      | Reached XP level 6. HP: 20/33 MP: 8/8
  2169 | D:3      | Found Zin's Purification Station.
  2173 | D:3      | Found a glowing silver altar of Zin.
  2190 | D:3      | Noticed Crazy Yiuf
  2206 | D:3      | Killed Crazy Yiuf
  2410 | D:3      | Noticed Natasha
  2425 | D:3      | Killed Natasha
  2532 | D:3      | Noticed Natasha
  2538 | D:3      | Killed Natasha
  2814 | D:4      | Found a staircase to the Ecumenical Temple.
  2894 | D:3      | Reached skill level 6 in Unarmed Combat
  2950 | D:4      | Reached XP level 7. HP: 26/38 MP: 9/9
  2978 | Temple   | Entered the Ecumenical Temple
  3225 | D:4      | Reached skill level 5 in Fighting
  3244 | D:4      | Found Bozaps' Assorted Antiques.
  3265 | D:4      | Found Shraple's Armour Boutique.
  3269 | D:4      | Found Kleanasm's Food Shop.
  3276 | D:4      | Bought a slice of pizza for 19 gold pieces
  3276 | D:4      | Bought a beef jerky for 19 gold pieces
  3695 | D:4      | Noticed Ijyb
  3734 | D:4      | Killed Ijyb
  3810 | D:5      | Entered Level 5 of the Dungeon
  4045 | D:5      | Reached skill level 7 in Unarmed Combat
  4045 | D:5      | Gained mutation: You have razor-sharp teeth. [vine stalker growth]
  4045 | D:5      | Reached XP level 8. HP: 33/44 MP: 11/11
  4482 | D:5      | Found a shimmering altar of Xom.
  5084 | D:6      | Reached skill level 8 in Unarmed Combat
  5133 | D:6      | Found Ycref's Armour Boutique.
  5168 | D:6      | HP: 2/45 [gnoll/spear (5)]
  5194 | D:6      | HP: 2/45 [gnoll/spear (1)]
  5200 | D:6      | HP: 1/45 [gnoll/spear (2)]
  5203 | D:6      | Slain by a gnoll

Action                   |  1- 3 |  4- 6 |  7- 9 || total
-------------------------+-------+-------+-------++-------
Melee: Unarmed           |   117 |   199 |   227 ||   543
Evoke: Wand              |       |       |     2 ||     2
  Use: Scroll            |       |     2 |     2 ||     4
       Potion            |       |       |     5 ||     5
 Stab: Sleeping          |     1 |     9 |     7 ||    17
       Distracted        |       |     1 |       ||     1
  Eat: Chunk             |     1 |     5 |     6 ||    12
       Beef jerky        |       |       |     1 ||     1
       Pizza             |       |       |     1 ||     1
